 Dungeon Crawl Stone Soup version 0.30-b1-2-g02819fbbbe (webtiles) character file.

Game seed: 15865433536275036169

221 nightchill the Cudgeller (level 5, -5/34 HPs)
             Began as a Gargoyle Fighter on Jan 14, 2024.
             Was an Initiate of the Shining One.
             Killed by divine providence
             ... invoked by an orc priest
              (12 damage)
             ... on level 3 of the Dungeon.
             The game lasted 00:04:18 (1909 turns).

nightchill the Cudgeller (Gargoyle Fighter)         Turns: 1909, Time: 00:04:18

Health: -5/34      AC: 16    Str: 21    XL:     5   Next: 98%
Magic:  5/5        EV:  7    Int:  9    God:    the Shining One [......]
Gold:   99         SH:  6    Dex: 11    Spells: 4/4 levels left

rFire   . . .        a - +0 flail
rCold   . . .        o - +2 buckler {rN+}
rNeg    + + .        e - +0 chain mail
rPois   ∞            n - +1 helmet "Leuc Dan" {Dex+2 Stlth+}
rElec   +            l - +0 cloak
rCorr   .            (no gloves)
SInv    .            (no boots)
Will    .....        (no amulet) Stlth
                     m - +4 ring of slaying
HPRegen 0.25/turn    (no ring)
MPRegen 0.09/turn

%: no passive effects
@: mighty, glowing
A: sickness immunity, AC +4, negative energy resistance 1, electricity
resistance, torment resistance 1, petrification resistance
a: Renounce Religion


You were on level 3 of the Dungeon.
You worshipped the Shining One.
The Shining One was noncommittal.
You visited 1 branch of the dungeon, and saw 3 of its levels.

You collected 99 gold pieces.

Inventory:

Hand Weapons
 a - a +0 flail (weapon)
Armour
 b - a +0 scale mail
 c - a +0 buckler
 e - a +0 chain mail (worn)
 l - a +0 cloak (worn)
 n - the +1 helmet "Leuc Dan" (worn) {Dex+2 Stlth+}
   (You took it off Robin on level 2 of the Dungeon)

   Dex:       It affects your dexterity (+2).
   Stlth:     It makes you more stealthy.
 o - a +2 buckler of positive energy (worn)
Jewellery
 j - a ring of positive energy
 m - a +4 ring of slaying (left hand)
Scrolls
 f - a scroll of immolation {unknown}
 g - a scroll of blinking {unknown}
 h - a scroll of noise {unknown}
 i - a scroll of teleportation {unknown}
 p - a scroll of torment {unknown}
Potions
 d - a potion of might
 k - a potion of berserk rage {unknown}


   Skills:
 + Level 4.8 Fighting
 * Level 5.0 Maces & Flails
 - Level 3.2 Armour
 - Level 3.2 Shields


You had 4 spell levels left.
You didn't know any spells.
Your spell library was empty.

Dungeon Overview and Level Annotations

Branches:
Dungeon (3/15)

Altars:
The Shining One


Innate Abilities, Weirdness & Mutations

You are immune to sickness and miasma.
Your stone body is resilient. (AC +4)
You are immune to poison.
You resist negative energy. (rN+)
You are resistant to electric shocks. (rElec)
You are resistant to unholy torment.
You are immune to petrification.


Message History

You kill the rat!
The giant cockroach barely misses you.
You sock the orc priest!
The orc priest is severely wounded.
The giant cockroach barely misses you. You block the orc priest's attack.
The orc priest begins to cast a cantrip, but forgets the words!
The giant cockroach bites you but does no damage.
You hit the orc priest.
You kill the orc priest!
The Shining One accepts your kill. The giant cockroach closely misses you.
Your Maces & Flails skill increases to level 5!
You hit the giant cockroach.
You kill the giant cockroach!
The orc priest invokes the aid of Beogh against you.
Beogh smites you!
The orc priest invokes the aid of Beogh against you.
Beogh smites you!
* * * LOW HITPOINT WARNING * * *
Found a leather armour.
You are too injured to fight recklessly!
You are too injured to fight recklessly!
You are too injured to fight recklessly!
You are too injured to fight recklessly!
You hit the orc.
The orc is lightly wounded.
You block the orc's attack.
You hit the orc.
The orc is heavily wounded.
You block the orc's attack. x2
You hit the orc.
You kill the orc!
The orc hits you from afar with a +0 trident.
* * * LOW HITPOINT WARNING * * *
You feel very mighty all of a sudden. The orc barely misses you.
The orc hits you but does no damage.
The orc priest mumbles some strange prayers to Beogh against you.
Beogh smites you!
You die...

#.†.#####..######.
#.†..# ##........
#....# ###.######.
#....###...######..
...................
####.#..##..########..
.....#...#.##
.[..##.....########
#......o@..........
...#..o#..########
##..##.# #..##.###
##..#...# # #...##.#
#..##.....# #..).##..#
###..)##..#


You could see an orc priest and an orc.

Vanquished Creatures
  An orc priest (D:3)
  Terence (D:2)
  Natasha (D:2)
  Robin (D:2)
  5 adders
  A gnoll (D:1)
  A worm (D:2)
  2 dart slugs
  8 orcs (D:3)
  5 endoplasms
  A giant cockroach (D:3)
  13 goblins
  4 hobgoblins
  3 jackals (D:2)
  2 quokkas (D:2)
  2 ball pythons
  2 bats (D:1)
  2 frilled lizards
  2 kobolds
  5 rats
62 creatures vanquished.

Notes
Turn   | Place    | Note
-------+----------+-------------------------------------------
     0 | D:1      | nightchill the Gargoyle Fighter began the quest for the
                  | Orb.
     0 | D:1      | Reached XP level 1. HP: 14/14 MP: 1/1
   154 | D:1      | Reached XP level 2. HP: 19/19 MP: 2/2
   497 | D:1      | Reached skill level 3 in Maces & Flails
   497 | D:1      | Reached XP level 3. HP: 17/24 MP: 3/3
   931 | D:2      | Noticed Terence
   941 | D:2      | Killed Terence
   942 | D:2      | Reached XP level 4. HP: 7/29 MP: 4/4
  1082 | D:2      | Found a glowing golden altar of the Shining One.
  1142 | D:2      | Became a worshipper of the Shining One
  1385 | D:2      | Noticed Natasha
  1395 | D:2      | Killed Natasha
  1396 | D:2      | Reached skill level 4 in Maces & Flails
  1424 | D:2      | Reached XP level 5. HP: 34/34 MP: 5/5
  1640 | D:2      | Found a faded altar of an unknown god.
  1676 | D:2      | Identified the +1 helmet "Leuc Dan" {Dex+2 Stlth+}
  1676 | D:2      | Noticed Robin
  1681 | D:2      | Killed Robin
  1896 | D:3      | Reached skill level 5 in Maces & Flails
  1909 | D:3      | Killed from afar by an orc priest

Illustrated notes

Levels and vault maps discovered:
D:1:      scummos_arrival_hexagon, layout_loops_ring, minmay_misc_feat_square
D:2:      layout_loops_corners, shapermc_ecumenical_altar_ellora, basic_altar,
          uniq_terence, uniq_robin, uniq_natasha
D:3:      layout_rooms

Skill      XL: |  1  2  3  4  5 |
---------------+----------------+-----
Maces & Flails | 3 4 5 |  5.0
Fighting       | 4 |  4.8
Armour         | |  3.2
Shields        | |  3.2

Action                     |  1- 3 |  4- 6 || total
---------------------------+-------+-------++-------
  Melee: Flail             |   104 |    88 ||   192
    Use: Potion            |       |     1 ||     1
 Armour: Chain mail        |    51 |    42 ||    93
         Scale mail        |     5 |       ||     5
  Dodge: Dodged            |    46 |    27 ||    73
  Block: Buckler           |    16 |    15 ||    31
